 Dungeon Crawl Stone Soup version 0.31-a0-1074-g0b22e4e0f1 (webtiles) character file.

Game seed: 17803177291117007497

359 derath95 the Conjurer (level 6, 0/38 HPs)
             Began as a Gargoyle Reaver on Nov 29, 2023.
             Splashed by a jelly's acid (7 damage)
             ... on level 5 of the Dungeon.
             The game lasted 00:31:23 (4164 turns).

derath95 the Conjurer (Gargoyle Reaver)             Turns: 4164, Time: 00:31:25

Health: 0/38       AC:  5    Str: 18 (21) XL:     6   Next: 65%
Magic:  10/10      EV: 10    Int: 12 (13) God:
Gold:   130        SH:  0    Dex:  5 (7)  Spells: 10/11 levels left

rFire   . . .        l - +2 short sword (venom)
rCold   . . .        (no shield)
rNeg    + + .        f - +1 ring mail
rPois   ∞            e - +1 helmet
rElec   +            c - +0 cloak
rCorr   .            (no gloves)
SInv    .            (no boots)
Will    .....        (no amulet) Stlth
                     k - ring of positive energy
HPRegen 0.26/turn    (no ring)
MPRegen 0.12/turn

%: no passive effects
@: corroded
A: sickness immunity, AC +4, negative energy resistance 1, electricity
resistance, torment resistance 1, petrification resistance, strong 1
a: no special abilities


You were on level 5 of the Dungeon.
You visited 1 branch of the dungeon, and saw 5 of its levels.

You collected 244 gold pieces.
You spent 114 gold pieces at shops.

Inventory:

Hand Weapons
 l - a +2 short sword of venom (weapon)
 t - a +0 flail
Armour
 c - a +0 cloak (worn)
 e - a +1 helmet (worn)
 f - a +1 ring mail (worn)
Jewellery
 k - a ring of positive energy (left hand)
 n - the ring of Xyesty {rElec rC++ Will- MP+9}
   (You found it on level 5 of the Dungeon)

   [ring of magical power]

   rC++:      It greatly protects you from cold.
   rElec:     It insulates you from electricity.
   Will-:     It decreases your willpower.
   MP+9:      It affects your magic capacity (+9).
Wands
 a - a wand of roots (1)
Scrolls
 d - 3 scrolls of identify
 g - a scroll of enchant armour
 h - 2 scrolls of teleportation
 j - a scroll of summoning
Potions
 b - a potion of haste
 i - 2 potions of curing
 m - 2 potions of lignification


   Skills:
 + Level 3.9 Fighting
 + Level 3.8 Short Blades
 + Level 2.8 Dodging
 + Level 3.2 Spellcasting
 + Level 4.6 Conjurations


You had 10 spell levels left.
You knew the following spells:

 Your Spells              Type           Power      Damage    Failure   Level
a - Kiss of Death         Conj/Necr      28%        2d7       17%         1

Your spell library contained the following spells:

 Spells                   Type           Power      Damage    Failure   Level
 Momentum Strike          Conj/Tloc      14%        3d8       26%         2
 Hailstorm                Conj/Ice       7%         3d4       45%         3
 Ensorcelled Hibernation  Hex/Ice        2%         N/A       54%         2
 Jinxbite                 Hex            2%         N/A       54%         2
 Call Canine Familiar     Summ           1%         N/A       78%         3
 Sigil of Binding         Hex            1%         N/A       78%         3
 Anguish                  Hex/Necr       0%         N/A       99%         4
 Dimensional Bullseye     Hex/Tloc       0%         N/A       99%         4
 Leda's Liquefaction      Hex/Erth       0%         N/A       99%         4


Dungeon Overview and Level Annotations

Branches:
Dungeon (5/15)
 Temple: D:4-7

Altars:
Hepliaklqana
Ru

Shops:
D:2 (   D:3 ?   D:4 [?!?


Innate Abilities, Weirdness & Mutations

You are immune to sickness and miasma.
Your stone body is resilient. (AC +4)
You are immune to poison.
You resist negative energy. (rN+)
You are resistant to electric shocks. (rElec)
You are resistant to unholy torment.
You are immune to petrification.
Your muscles are strong. (Str +4, Int/Dex -1)


Message History

The sleepcap releases spores at you.
You hit the sleepcap.
You destroy the sleepcap!
Found an ancient silver ring.
Found a scroll of identify.
Found a stone staircase leading up.
n - the ring of Xyesty {rElec rC++ Will- MP+9} A jelly comes into view.
A phantom comes into view.
You see here a scroll of identify.
You hit the jelly. The acid corrodes you!
Your hands burn!
The jelly is lightly wounded.
The jelly closely misses you.
You hit the jelly but do no damage.
Your hands burn!
The jelly is lightly wounded.
You hit the jelly but do no damage.
Your hands burn!
The jelly is lightly wounded.
The jelly hits you but does no damage.
You hit the jelly.
Your hands burn!
The jelly is moderately wounded.
The jelly hits you but does no damage.
You hit the jelly. The acid corrodes you!
Your hands burn!
The jelly is heavily wounded.
The jelly hits you but does no damage.
You hit the jelly but do no damage. The acid corrodes you!
Your hands burn!
The jelly is heavily wounded.
The jelly hits you but does no damage.
You hit the jelly but do no damage.
Your hands burn!
The jelly is heavily wounded.
The phantom hits you but does no damage.
The jelly closely misses you.
You hit the jelly.
Your hands burn!
You punch the jelly, but do no damage.
The jelly is severely wounded.
You hit the jelly but do no damage.
Your hands burn!
* * * LOW HITPOINT WARNING * * *
The jelly is severely wounded.
The phantom hits you but does no damage.
The jelly hits you.
* * * LOW HITPOINT WARNING * * *
You are splashed with acid!
You die...

.......# ......# .
#.....# ..##.....#
.......###
........##
#.J....##
#..##W@.....#
#..........#
....#........###
...............##
................#
................##
.................#
.#.#...#.........#
#...............#


You could see a phantom and a jelly.

Vanquished Creatures
  2 hounds (D:4)
  An orc priest (D:4)
  An iguana (D:4)
  A sleepcap (D:5)
  3 orc wizards (D:4)
  7 adders
  A worm (D:4)
  2 dart slugs (D:3)
  7 orcs
  3 ball pythons
  6 bats
  9 endoplasms
  2 giant cockroaches
  7 goblins
  2 hobgoblins
  4 jackals (D:3)
  3 quokkas (D:1)
  A frilled lizard (D:2)
  6 kobolds
  7 rats
75 creatures vanquished.

Notes
Turn   | Place    | Note
-------+----------+-------------------------------------------
     0 | D:1      | derath95 the Gargoyle Reaver began the quest for the Orb.
     0 | D:1      | Reached XP level 1. HP: 12/12 MP: 3/3
   140 | D:1      | Reached XP level 2. HP: 18/18 MP: 5/5
   847 | D:2      | Reached XP level 3. HP: 16/20 MP: 6/6
  1057 | D:2      | Found Agris's Antique Weapon Shoppe.
  1133 | D:2      | Bought a glowing short sword for 114 gold pieces
  1297 | D:2      | Reached XP level 4. HP: 26/27 MP: 7/7
  2197 | D:3      | Found a hazy altar of Hepliaklqana.
  2198 | D:3      | Found a sacrificial altar of Ru.
  2403 | D:3      | Found The Oracle's Delphic Readings.
  3028 | D:4      | Found Qumib's Magic Scroll Shoppe.
  3036 | D:4      | Reached skill level 4 in Conjurations
  3036 | D:4      | Reached XP level 5. HP: 30/32 MP: 7/9
  3078 | D:4      | Found Tiop Xoe's Distillery.
  3310 | D:4      | Found Figaak's Armour Emporium.
  3377 | D:4      | Reached XP level 6. HP: 35/37 MP: 10/10
  3765 | D:4      | Found Wodwirism's Magic Scroll Shop.
  4052 | D:4      | Gained mutation: Your muscles are strong. (Str +4, Int/Dex
                  | -1) [potion of mutation]
  4077 | D:5      | Entered Level 5 of the Dungeon
  4149 | D:5      | Identified the ring of Xyesty {rElec rC++ Will- MP+9}
  4164 | D:5      | Splashed by a jelly's acid

Illustrated notes

Levels and vault maps discovered:
D:1:      lemuel_arrival_lava_pool, layout_basic, minmay_quantized
D:2:      layout_loops_ring, serial_shops, nicolae_shop_tiny_glass
D:3:      layout_basic, gammafunk_temple_overflow_statue,
          nicolae_nh_oracle_at_delphi
D:4:      layout_basic, serial_shops, nicolae_shop_real_fake_doors, shop, shop,
          shop, minmay_cut_off
D:5:      layout_cave_pools, nicolae_qazlal_eye_of_the_storm, serial_shops,
          nicolae_shop_bloodbath_and_beyond

Skill      XL: |  1  2  3  4  5  6 |
---------------+-------------------+-----
Short Blades   | 3 |  3.8
Dodging        | 2 |  2.8
Fighting       | 3 |  3.9
Conjurations   | 4 |  4.6
Spellcasting   | 3 |  3.2

Action                     |  1- 3 |  4- 6 || total
---------------------------+-------+-------++-------
  Melee: Short sword       |   186 |   222 ||   408
         Punch             |     3 |     3 ||     6
   Cast: Kiss of Death     |     1 |       ||     1
    Use: Scroll            |       |    11 ||    11
         Potion            |       |     8 ||     8
 Armour: Leather armour    |    35 |       ||    35
         Ring mail         |    89 |   151 ||   240
  Dodge: Dodged            |   110 |    92 ||   202

Table legend: (Time is in decaauts)
 A = Elapsed time spent in this place.
 B = Non-inter-level travel time spent in this place.
 C = Inter-level travel time spent in this place.
 D = Time resting spent in this place.
 E = Time spent auto-exploring this place.
 F = Levels seen in this place.
 G = Mean time per level.
                   A        B        C        D        E       F      G
               +--------+--------+--------+--------+--------+-----+--------+
         Total |   4088 |   3921 |    167 |    419 |    269 |   5 |  817.6 |
       Dungeon |   4088 |   3921 |    167 |    419 |    269 |   5 |  817.6 |
               +--------+--------+--------+--------+--------+-----+--------+

Top non-repeatable levels by time:
     D:4: 1204 daAuts
     D:3: 1146 daAuts
     D:2: 873 daAuts
     D:1: 782 daAuts
     D:5: 81 daAuts
